[Event "*** Titled Tuesday Blitz"]
[Site "Chess.com"]
[Date "2020.01.07"]
[Round "5"]
[White "SCIM"]
[Black "Lifeek"]
[Result "1/2-1/2"]
[WhiteElo "2461"]
[BlackElo "2237"]
[TimeControl "180+2"]
[EndTime "14:10:47 PST"]
[Termination "Game drawn - insufficient material"]

1. d4 Nf6 2. c4 e6 3. g3 d5 4.
Nf3 c5 5. cxd5 Nxd5 6. Bg2 Nc6 7. O-O Be7 8. dxc5 Bxc5 9. Qc2 Be7 10. a3 O-O 11. Rd1 Bd7 12. e4 Nb6 13. Nc3 Qc8 14. Bg5 Rd8 15. h4 h6 16. Bxe7 Nxe7 17. Rac1 Be8 18. Rxd8 Qxd8 19. Rd1 Qc7 20. Qd2 Nc4 21. Qe2 b5 22. Nd4 a6 23. Rc1 Qb6 24. Nf3 Rd8 25. Rd1 Rxd1+ 26. Nxd1 Nc6 27. Qd3 N6e5 28. Nxe5 Nxe5 29. Qe3 Qxe3 30. Nxe3 Bc6 31. f4 Nd3 32. b4 Kf8 33. e5 Bxg2 34. Kxg2 f6 35. exf6 gxf6 36.
Kf3 f5 37. Ke2 Nb2 38. Kd2 Ke7 39. Kc2 Na4 40. Kd3 Kd6 41. g4 fxg4 42. Nxg4 h5 43. Nf6 Nb2+ 44. Kd4 Nc4 45. Nxh5 Nxa3 46. Ng3 Nc2+ 47. Kc3 Ne3 48. h5 Ng4 49. Kd4 Nh6 50.
Ne4+ Ke7 51. Nc5 Kd6 52. Nxa6 Nf5+ 53. Kd3 e5 54. fxe5+ Kxe5 55. Nc7 Ne7 56. h6 Kf6 57. Nxb5 Nc6 58. Nd4 Nxb4+ 59. Ke4 Kg6 60. Nf5 Nc6 61. Kf4 Ne7 62. Nxe7+ Kxh6 1/2-1/2

[Event "*** Titled Tuesday Blitz"]
[Site "Chess.com"]
[Date "2020.01.07"]
[Round "5"]
[White "Gareth-Bale11"]
[Black "ChessyInstinct"]
[Result "1-0"]
[WhiteElo "2730"]
[BlackElo "2466"]
[TimeControl "180+2"]
[EndTime "14:10:54 PST"]
[Termination "Gareth-Bale11 won by checkmate"]

1. d4 d5 2. c4 c6 3. Nf3 Nf6 4. e3 e6 5. b3 Nbd7 6. Bb2 Bd6 7. Nbd2 b6 8. Bd3 Bb7 9. O-O c5 10. Qe2 O-O 11. Ne5 Rc8 12. cxd5 Nxd5 13. Ndc4 Bxe5 14. dxe5 Qe7 15. Nd6 Rb8 16. Qh5 g6 17. Qh6 Nb4 18. Be2 Ba8 19. a3 Nd5 20. Ne4 Rfd8 21. Ng5 Nf8 22.
Rac1 Qc7 23. Rc4 Ne7 24. Bg4 Bd5 25. Rf4 Nf5 26. Bxf5 exf5 27. e6 fxe6 28. Bf6 e5 29.
Rh4 Re8 30. h3 Rb7 31. f4 exf4 32. Rfxf4 Rxe3 33. Nxh7 Qxh7 34. Qg5 Re1+ 35. Kf2 Rbe7 36. Rxh7 R7e2+ 37. Kg3 Rxg2+ 38. Kh4 Kxh7 39. Rg4 Rxg4+ 40. hxg4 Rh1+ 41. Kg3 Rg1+ 42. Kf2 Rxg4 43. Qe3 Rg2+ 44.
Kf1 Ne6 45. Qh3+ Kg8 46. Qh8+ Kf7 47. Be5 Be4 48. Qf6+ Ke8 49. Qxe6+ Kd8 50. Qd6+ Ke8 51. Qc7 Rd2 52. Bd6 Rxd6 53. Qxd6 Kf7 54. Kf2 g5 55. b4 cxb4 56. axb4 a5 57. b5 a4 58. Qxb6 a3 59. Qa7+ Kg6 60. Qxa3 Kh5 61. b6 Kg4 62. Qg3+ Kh5 63.
Qc7 Kg4 64. b7 f4 65. b8=Q Bf5 66. Qbd8 Be6 67. Qe5 Bf5 68. Qee7 Kh3 69. Qxg5 Bg4 70. Qh4# 1-0

[Event "*** Titled Tuesday Blitz"]
[Site "Chess.com"]
[Date "2020.01.07"]
[Round "5"]
[White "tigra"]
[Black "Benjoneliere44"]
[Result "1-0"]
[WhiteElo "2766"]
[BlackElo "2554"]
[TimeControl "180+2"]
[EndTime "14:10:56 PST"]
[Termination "tigra won by resignation"]

1. e4 c5 2. Nf3 d6 3. d4 cxd4 4. Nxd4 Nf6 5. Nc3 g6 6. Be3 Bg7 7. f3 O-O 8. Qd2 Nc6 9. Bc4 Bd7 10. O-O-O Rc8 11. Be2 Ne5 12. g4 Nc4 13. Bxc4 Rxc4 14. h4 h5 15. gxh5 Nxh5 16. Rhg1 Qa5 17. Kb1 Rfc8 18. Nde2 Rxc3 19. Nxc3 Rxc3 20. bxc3 Be6 21. c4 Bc3 22. Qxc3 Qxc3 23. Rd3 Qxc4 24. a3 Nf6 25.
Bd4 Nd7 26. h5 Qb5+ 27. Kc1 Qxh5 28. Bxa7 Ne5 29. Rc3 Nxf3 30. Rd1 Qa5 31. Rxf3 Qxa7 32. Rc3 Qa5 33. Kb2 b5 34. Rd4 g5 35. Rb4 g4 36.
e5 dxe5 37. Rc5 g3 38. Rxe5 Qc7 39. Rbxb5 f6 40. Rxe6 g2 41. Re1 Kf7 42. a4 Qg3 43. Rc1 g1=Q 44. Rxg1 Qxg1 45. a5 Qd4+ 46. Kb3 Qe3+ 47.
Kb4 Qd2+ 48. Kb3 Qe3+ 49. Kb4 Qe4+ 50. c4 f5 51. a6 f4 52. a7 f3 53. Rd5 Qb1+ 54.
Ka5 Qa2+ 55. Kb6 f2 56. Rf5+ Ke6 57. Rf4 Qb3+ 58. Kc6 Qa4+ 59. Kb6 Qb4+ 60. Ka6 Kd7 61. a8=Q Qa4+ 62. Kb7 Qc6+ 63. Ka7 Qa4+ 64. Kb8 Qxa8+ 65. Kxa8 Kd6 66. Rxf2 Kc5 67. Re2 1-0

[Event "*** Titled Tuesday Blitz"]
[Site "Chess.com"]
[Date "2020.01.07"]
[Round "5"]
[White "MiroMiljkovic"]
[Black "jlucasvf"]
[Result "1/2-1/2"]
[WhiteElo "2551"]
[BlackElo "2707"]
[TimeControl "180+2"]
[EndTime "14:11:00 PST"]
[Termination "Game drawn by agreement"]

1. d4 Nf6 2. c4 e6 3. Nc3 Bb4 4. e3 O-O 5. Bd3 c5 6. Nf3 d5 7. O-O cxd4 8. exd4 dxc4 9. Bxc4 b6 10. Qe2 Bb7 11. Rd1 Nbd7 12. d5 exd5 13. Nxd5 Nxd5 14. Bxd5 Bxd5 15. Rxd5 Qc7 16. Be3 Nf6 17. Rb5 Bd6 18. Rc1 Qb7 19. Bd4 Rfe8 20. Qd3 Ne4 21. Be3 Rad8 22. Qb1 Qd7 23. a4 Bc5 24. Bxc5 Nxc5 25.
Qc2 Nd3 26. Rd1 Qe7 27. h3 Nf4 28. Re5 Qf6 29. Rxe8+ Rxe8 30. Qb3 h6 31. Qb5 Re6 32. a5 Nxh3+ 33. gxh3 Qxf3 34. Rd8+ Kh7 35. Qd3+ Qxd3 36. Rxd3 bxa5 37. Rd7 Kg6 38. Rxa7 Re5 39. Kg2 Kf6 40. Kg3 g6 41. h4 Rb5 42. f3 Ke6 43. Ra6+ Kf5 44. Ra7 f6 45. Ra6 h5 46. Ra7 g5 47.
Ra6 gxh4+ 48. Kxh4 Rxb2 49. Rxa5+ Kf4 50. Kxh5 Rg2 51. Ra3 f5 52. Rb3 Rg3 53. Rb5 Rxf3 54.
Kh4 Re3 55. Rb4+ Kf3 56. Kg5 Re4 57. Rb3+ Ke2 58. Kxf5 Ra4 59. Rb5 Kd3 60. Re5 1/2-1/2

[Event "*** Titled Tuesday Blitz"]
[Site "Chess.com"]
[Date "2020.01.07"]
[Round "5"]
[White "ristingho"]
[Black "Kirill_Klukin"]
[Result "0-1"]
[WhiteElo "2515"]
[BlackElo "2673"]
[TimeControl "180+2"]
[EndTime "14:11:01 PST"]
[Termination "Kirill_Klukin won on time"]

1. d4 Nf6 2. Bg5 e6 3. Nd2 d6 4. e4 h6 5. Bh4 Nbd7 6. Ngf3 g5 7.
Bg3 Nh5 8. Bd3 Bg7 9. c3 a6 10. Qe2 b6 11. a4 Bb7 12. O-O Qe7 13. Rfe1 O-O 14. Nc4 Nxg3 15. hxg3 c5 16. Ne3 Nf6 17. e5 dxe5 18. dxe5 Nd5 19. Nc4 Rfd8 20. Nd6 Ra7 21. Rad1 Bc6 22. Ra1 Nc7 23. Nc4 Rb8 24. Bc2 b5 25.
Nd6 Ne8 26. axb5 axb5 27. Rxa7 Qxa7 28. Be4 Qc7 29. Bxc6 Qxc6 30. Nxe8 Rxe8 31. g4 Rd8 32. Rd1 Rd5 33. Rxd5 exd5 34. g3 Qd7 35. Kg2 Qb7 36. Qd3 Qc6 37. Qf5 Qe6 38. Qd3 Bxe5 39. Qxb5 Bd6 40.
Qd3 Kg7 41. Qf5 Be7 42. Qxe6 fxe6 43. Kf1 Bf6 44. Ke2 Kf7 45. Kd3 Ke7 46. Nd2 Kd6 47.
b3 Kc6 48. c4 Bd4 49. f3 Bf2 50.
Nf1 Kb6 51. Ke2 Bd4 52. Kd3 Ka5 53. f4 Kb4 54. f5 Kxb3 55. fxe6 dxc4+ 56. Ke4 Bf6 57. Kf5 Bd8 58. Ke4 c3 59. Kd3 c4+ 60. Ke2 Kb2 61. Ne3 c2 62. Nxc4+ Kc3 63. e7 Bxe7 0-1

[Event "*** Titled Tuesday Blitz"]
[Site "Chess.com"]
[Date "2020.01.07"]
[Round "5"]
[White "Kimster98"]
[Black "nubair1198"]
[Result "0-1"]
[WhiteElo "2601"]
[BlackElo "2915"]
[TimeControl "180+2"]
[EndTime "14:11:02 PST"]
[Termination "nubair1198 won by resignation"]

1. Nf3 Nf6 2. c4 g6 3. g3 Bg7 4. Bg2 Nc6 5. d4 d6 6. Nc3 O-O 7. O-O a6 8. b3 Rb8 9. d5 Na5 10. Bg5 h6 11. Bd2 c5 12. dxc6 bxc6 13. e4 Bg4 14. h3 Bxf3 15. Qxf3 Nd7 16. Qe2 c5 17. Rad1 Nc6 18. Nd5 e6 19. Ne3 a5 20. Nc2 a4 21.
Rb1 Qc7 22. Kh2 axb3 23. axb3 Rb6 24. b4 cxb4 25. Nxb4 Nd4 26. Qd3 Ne5 27. Qc3 Qxc4 28. Qxc4 Nxc4 29. Bc3 Rfb8 30. Rbd1 Nb3 31. Bxg7 Kxg7 32.
Nc2 Nbd2 33. Rfe1 Rb2 34. Ne3 R8b6 35. Nxc4 Nxc4 36. Kg1 Rc2 37. Bf1 Nd2 38. Bg2 Rbb2 39. Re2 Kf6 40. Kh1 Nc4 41. Rxc2 Rxc2 42. Bf1 Nd2 43.
Bg2 Ke5 44. Re1 g5 45. Kg1 Nb3 46. f4+ Kd4 47. Rd1+ Kc5 48. fxg5 hxg5 49. Rf1 Kd4 50. Rxf7 Nd2 51. Rd7 Rc6 52. Rg7 Nxe4 53. Bxe4 Kxe4 54. Rxg5 Kf3 55. h4 d5 56. h5 d4 57. h6 d3 58. Rg8 Rc1+ 59. Kh2 d2 60. Rf8+ Ke4 61. Rf4+ Ke3 62. Rd4 Kxd4 63. h7 Rc8 64. h8=Q+ Rxh8+ 0-1

[Event "*** Titled Tuesday Blitz"]
[Site "Chess.com"]
[Date "2020.01.07"]
[Round "5"]
[White "Olga_Zhuravleva"]
[Black "yoolund"]
[Result "0-1"]
[WhiteElo "2356"]
[BlackElo "2514"]
[TimeControl "180+2"]
[EndTime "14:11:03 PST"]
[Termination "yoolund won by resignation"]

1. e4 g6 2. d4 Bg7 3. c3 d6 4. Nf3 Nc6 5. Bd3 e5 6. Be3 Bg4 7. Be2 d5 8. exd5 Qxd5 9. c4 Qa5+ 10. Bd2 Qb6 11. d5 Bxf3 12. Bxf3 Nd4 13. Bc3 Ne7 14. O-O c5 15. dxc6 Nexc6 16. Nd2 Rd8 17. Qa4 O-O 18. Bd5 Ne7 19. Bf3 Nef5 20. c5 Qxc5 21. Bb4 Qc2 22. Qa3 Rfe8 23. Rac1 Nxf3+ 24. Nxf3 Qd3 25. Rc3 Qd5 26. Qxa7 e4 27. Ng5 e3 28. fxe3 Nxe3 29. Rxe3 Rxe3 30. Qa5 Qxa5 31. Bxa5 Rd5 32. Bb6 Re2 33. Nxf7 Rdd2 34. Bc7 Rxg2+ 35. Kh1 Bxb2 36. Bg3 Kg7 37. Ng5 Rge2 38. Nf3 Rd7 39. Ng5 Rde7 40. Bd6 Re1 41. Kg2 R7e2+ 42. Rf2 Rxf2+ 43.
Kxf2 Ra1 44. Ne6+ Kf6 45. Nf8 Rxa2 46. Nxh7+ Ke6 47. Bg3 Kf5 48. Nf8 b5 49. Nd7 b4 50.
Ke2 Bd4+ 51. Kd3 Bg1 52. Ne5 Bxh2 53. Bxh2 Rxh2 54. Nc4 Rh3+ 55. Kc2 b3+ 56. Kb2 g5 57. Nd6+ Kf4 58. Nc4 g4 59. Ka3 Rf3 60. Nd2 g3 61. Nxf3 0-1

[Event "*** Titled Tuesday Blitz"]
[Site "Chess.com"]
[Date "2020.01.07"]
[Round "5"]
[White "ural58"]
[Black "SHIVACalypso"]
[Result "1-0"]
[WhiteElo "2352"]
[BlackElo "2225"]
[TimeControl "180+2"]
[EndTime "14:11:09 PST"]
[Termination "ural58 won by resignation"]

1. e4 e6 2. Qe2 c5 3. b3 Nc6 4.
Bb2 e5 5. f4 d6 6. Qf2 g6 7.
Bb5 f6 8. Bxc6+ bxc6 9. Na3 Bg7 10. O-O-O Ne7 11. Nc4 d5 12. fxe5 dxc4 13. exf6 Rf8 14.
fxe7 Qxe7 15. Nf3 cxb3 16. axb3 Bxb2+ 17. Kxb2 a5 18. Ra1 Be6 19. Ra4 c4 20. Rha1 cxb3 21.
c3 Qc7 22. Qc5 Rd8 23. Qxa5 Qf4 24. Rd4 Rxd4 25. cxd4 Qxe4 26. Qc5 Qc2+ 27. Qxc2 bxc2 28. Kxc2 Bd5 29. Ra8+ Ke7 30. Rxf8 Kxf8 31. Ne1 Ke7 32. Kd3 Ke6 33. Ke3 Kf5 34. g3 Kg4 35. Kf2 Kh3 36. Kg1 Be4 37. d3 Bf5 38. Ng2 g5 39. Ne3 Bxd3 40. Nd1 Kg4 41. Nf2+ Kf3 42. Nxd3 Ke3 43.
Ne5 Kxd4 44. Nxc6+ Ke4 45. Kg2 h5 46. h3 Ke3 47. Ne5 Ke4 48. Nf7 Kf5 49. Nd6+ Ke5 50. Nc4+ Kd4 51. Nd2 Ke3 52. Nf3 g4 53. hxg4 hxg4 54.
Nh2 Ke4 55. Nxg4 Kf5 56. Nf2 Kg5 57. Kf3 Kf5 58. g4+ Kg5 59. Ne4+ Kg6 60. Kf4 Kh6 61. g5+ Kg6 62. Kg4 Kh7 63. Kf5 Kg7 64.
g6 Kf8 65. Kg5 Kg8 66. Kf6 Kh8 67. Ng5 Kg8 68. Ne6 Kh8 69. Ng5 Kg8 70. Nf7 Kf8 71.
g7+ Kg8 72. Nh6+ 1-0

[Event "*** Titled Tuesday Blitz"]
[Site "Chess.com"]
[Date "2020.01.07"]
[Round "5"]
[White "GMBenjaminBok"]
[Black "Rud_Makarian"]
[Result "1/2-1/2"]
[WhiteElo "2866"]
[BlackElo "2666"]
[TimeControl "180+2"]
[EndTime "14:11:12 PST"]
[Termination "Game drawn by repetition"]

1. Nf3 Nf6 2. c4 g6 3. g3 Bg7 4.
Bg2 c5 5. Nc3 Nc6 6. d4 cxd4 7.
Nxd4 h5 8. h3 O-O 9. O-O d5 10.
cxd5 Nxd5 11. Nxd5 Nxd4 12. Bg5 Nc6 13. Nxe7+ Nxe7 14.
Qxd8 Rxd8 15. Bxe7 Re8 16. Ba3 Rxe2 17. Rfe1 Rxe1+ 18. Rxe1 Be6 19. b3 Rd8 20. Re2 b6 21. Bb2 Rc8 22. f4 Bxb2 23. Rxb2 Kg7 24. Kf2 Rc3 25. Re2 Kf6 26. Re3 Rc2+ 27. Re2 Rc3 28. Rd2 Ke7 29. Bf1 Bf5 30. h4 a5 31. Bc4 a4 32. Re2+ Kf6 33. Rd2 Ke7 34. Re2+ Kf6 35.
Rd2 a3 36. Rd6+ Ke7 37. Rxb6 Rc2+ 38. Ke3 Rxa2 39. Ra6 Ra1 40. b4 Rg1 41. Kf2 Rc1 42.
Ra7+ Kd6 43. Bxf7 Rc2+ 44. Ke3 Rc3+ 45. Kd4 Rxg3 46. b5 Rd3+ 47. Kc4 Rh3 48. Bxg6 Bxg6 49. Ra6+ Kc7 50. Rc6+ Kb7 51. Rxg6 Rxh4 52. Ra6 Rxf4+ 53.
Kb3 Rf3+ 54. Ka2 h4 55. Rh6 h3 56. Rg6 Kc7 57. Rh6 Kb7 58. Rg6 Re3 59. Rh6 Rg3 60. Rf6 Rg1 61. Rh6 Rg3 62. Rf6 Rg5 63. Rh6 Rg3 1/2-1/2

[Event "*** Titled Tuesday Blitz"]
[Site "Chess.com"]
[Date "2020.01.07"]
[Round "5"]
[White "Duhless"]
[Black "Yaacovn"]
[Result "1-0"]
[WhiteElo "3119"]
[BlackElo "2808"]
[TimeControl "180+2"]
[EndTime "14:11:19 PST"]
[Termination "Duhless won by resignation"]

1. d4 Nf6 2. c4 e5 3. dxe5 Ne4 4. Nf3 Nc6 5. e3 d6 6. e6 Bxe6 7. Bd3 d5 8. O-O Nc5 9. cxd5 Qxd5 10. Bb5 O-O-O 11.
Qxd5 Bxd5 12. Nc3 Bxf3 13. gxf3 Ne5 14. f4 Ned3 15. Bc4 Rd7 16. Rd1 c6 17. a3 b5 18. Ba2 a5 19. b4 axb4 20. axb4 Nxc1 21. Raxc1 Nd3 22. Bxf7 Nxc1 23. Be6 Bxb4 24. Bxd7+ Kc7 25. Bxc6 Kxc6 26. Rxc1 Bxc3 27. Rxc3+ Kd5 28. Kf1 b4 29. Rc7 Rb8 30. Rd7+ Kc4 31. Rc7+ Kd3 32. Rd7+ Kc3 33. Rc7+ Kd3 34. Rd7+ Kc4 35. Rc7+ Kd5 36. Rd7+ Kc5 37. Rc7+ Kd6 38. Rc1 b3 39. Ke2 Kd5 40. Kd3 g6 41.
Rb1 h5 42. f3 h4 43. Kc3 Rc8+ 44.
Kxb3 Ke6 45. Rg1 Kf6 46. Rg4 Rh8 47. e4 h3 48. Kc3 Ra8 49. Kd4 Ra2 50. e5+ Kf7 51.
Ke3 Rxh2 52. Rh4 Rh1 53. Kf2 Ke6 54. Kg3 Rg1+ 55. Kxh3 Kf5 56. Rg4 Rh1+ 57. Kg2 Ra1 58. Kg3 Rg1+ 59. Kf2 Ra1 60. Kg2 Rb1 61. Rh4 Ra1 62.
Rh1 Ra4 63. Rh8 Kxf4 64. Rh4+ 1-0

[Event "*** Titled Tuesday Blitz"]
[Site "Chess.com"]
[Date "2020.01.07"]
[Round "5"]
[White "promen1999"]
[Black "vovachesss"]
[Result "1-0"]
[WhiteElo "2790"]
[BlackElo "2574"]
[TimeControl "180+2"]
[EndTime "14:11:19 PST"]
[Termination "promen1999 won by resignation"]

1. Nf3 Nf6 2. g3 d6 3. d4 c6 4. Bg2 h5 5. O-O Nbd7 6. Nc3 e5 7. Bg5 Be7 8. e4 Qc7 9. Qd2 Nf8 10. Rad1 Ne6 11.
Bxf6 Bxf6 12. d5 Nd4 13. dxc6 bxc6 14. Nxd4 exd4 15. Ne2 Ba6 16. Rfe1 Bxe2 17. Qxe2 g6 18. e5 dxe5 19. Rxd4 O-O 20. Rc4 Qa5 21. Bxc6 Rab8 22. b3 Qxa2 23. Ra4 Qb2 24. Rxa7 Rbc8 25. Be4 Qc3 26.
Rd1 Bd8 27. Rdd7 Bb6 28. Rab7 Rc7 29. Rbxc7 Bxc7 30. Kg2 Bb6 31. Bd5 Kg7 32. Qf3 Qxf3+ 33. Kxf3 Bd4 34. c4 g5 35. b4 Kg6 36. h3 f5 37. Rd6+ Kg7 38. b5 g4+ 39. Kg2 f4 40.
hxg4 hxg4 41. gxf4 Rxf4 42. b6 Rxf2+ 43. Kg3 Rb2 44.
b7 e4 45. Kxg4 e3 46. Re6 e2 47. Bf3 Ba7 48. Kf5 Kf7 49. Bh5+ Kf8 50. Re8+ Kg7 51. Re7+ Kf8 52. Re8+ Kg7 53. Bf3 Kf7 54. Re5 Bb8 55. Re6 Rb3 56. Bd5 Kf8 57. Rxe2 Rb6 58. Rg2 Ke7 59. Rg8 Bh2 60. c5 Rb5 61. Rc8 Kd7 62.
Be6+ Ke7 63. Bd5 Kd7 64. Ke4 Rb4+ 65. Kd3 Ke7 66. c6 Kd6 67. c7 Kxd5 68. b8=Q Rxb8 69. cxb8=Q Bxb8 70. Rxb8 1-0

[Event "*** Titled Tuesday Blitz"]
[Site "Chess.com"]
[Date "2020.01.07"]
[Round "5"]
[White "gmasterkiller"]
[Black "hansen"]
[Result "0-1"]
[WhiteElo "2597"]
[BlackElo "2867"]
[TimeControl "180+2"]
[EndTime "14:11:19 PST"]
[Termination "hansen won on time"]

1. e4 c6 2. d4 d5 3. e5 Bf5 4. Nf3 e6 5. Be2 Nd7 6. O-O Ne7 7. b3 h6 8. c4 g5 9. Nc3 Ng6 10.
Bd3 Bxd3 11. Qxd3 Bb4 12. cxd5 cxd5 13. Nxd5 exd5 14. e6 O-O 15. exd7 Qxd7 16. h4 gxh4 17. Bxh6 Rfe8 18. a3 Bd6 19. Rfe1 Qg4 20. Rxe8+ Rxe8 21. Re1 Re4 22. Kh1 Qxf3 23. gxf3 Rxe1+ 24. Kg2 h3+ 25. Kxh3 Rh1+ 26. Kg2 Rxh6 27. Qb5 Bxa3 28. Qxb7 Nf4+ 29.
Kg1 Rg6+ 30. Kf1 Rb6 31. Qc8+ Kg7 32. Qg4+ Ng6 33. Qf5 Rxb3 34. Qc2 Rb2 35. Qc3 Rb1+ 36. Kg2 Nf4+ 37. Kh2 Bd6 38. Qc6 Rb6 39. Qd7 a5 40.
Qa7 Ng6+ 41. Kh3 Rb3 42. Qxa5 Rxf3+ 43. Kg2 Rf5 44. Qa6 Be7 45. f3 Bf6 46. Qa7 Nf4+ 47. Kf2 Ne6 48. Qb7 Bxd4+ 49. Ke2 Bf6 50. Qc8 Nd4+ 51.
Ke3 Rxf3+ 52. Kd2 Rg3 53. Qd7 Rg5 54. Qc8 Ne6 55. Kd3 Rg3+ 56. Kd2 d4 57. Qb8 Bg5+ 58.
Ke2 Bf4 59. Qb7 d3+ 60. Kf2 d2 61. Qd5 Rc3 62. Qg2+ Kf6 63. Qg4 Rc1 64. Qh4+ Bg5 65. Qh8+ Ke7 66. Qb2 d1=Q 67. Qb7+ Rc7 68. Qb4+ Qd6 69.
Qe4 Rc2+ 70. Qxc2 Qh2+ 71. Kf3 Qxc2 72. Kg4 Qe2+ 0-1

[Event "*** Titled Tuesday Blitz"]
[Site "Chess.com"]
[Date "2020.01.07"]
[Round "5"]
[White "Alopekos"]
[Black "FearNoEvil12"]
[Result "1-0"]
[WhiteElo "2422"]
[BlackElo "2045"]
[TimeControl "180+2"]
[EndTime "14:11:29 PST"]
[Termination "Alopekos won by resignation"]

1. e4 a6 2. d4 b5 3. Nf3 Bb7 4. Bd3 e6 5. O-O Nf6 6. Qe2 d6 7. c3 Nbd7 8. Re1 h6 9. Nbd2 g5 10. h3 g4 11. hxg4 Nxg4 12. Nf1 h5 13. a4 bxa4 14.
Rxa4 Ndf6 15. Bg5 Be7 16. Ng3 Ng8 17. Bxe7 Nxe7 18. Bxa6 Bxa6 19. Rxa6 Ng6 20. Qb5+ Kf8 21. Rxa8 Qxa8 22. Nxh5 Qd8 23. g3 c6 24. Qxc6 Rxh5 25. e5 dxe5 26. Qe4 Nf6 27. Qe2 e4 28. Nd2 Kg7 29. Nxe4 Qh8 30. Qf3 Nd5 31. Nd6 Qf8 32. Qxh5 Qxd6 33. Qf3 Qc7 34. Qd3 Nde7 35. c4 Nf5 36. d5 Qc5 37. dxe6 fxe6 38. Rxe6 Kf7 39. Re2 Nd4 40. Re4 Nf5 41. Qd5+ Qxd5 42. cxd5 Nge7 43. Re5 Kf6 44. Re6+ Kf7 45. Ra6 Nxd5 46. Kg2 Nfe7 47. f4 Nb4 48. Rb6 Nbd5 49. Rd6 Nb4 50. g4 Nc2 51. Kf3 Ng6 52. Ke4 Nb4 53. f5 Ne7 54. g5 Nbc6 55. g6+ Kf8 56. f6 Nxg6 57. Rxc6 Kf7 58.
b4 Nf8 59. b5 Nd7 60. Kf5 Nf8 61. Rc7+ Ke8 62. b6 Kd8 63. Rf7 Nd7 64. Rxd7+ Kxd7 65. b7 Kc7 66. f7 Kxb7 67. f8=Q Kc6 68. Qd8 Kb7 69.
Qd6 Kc8 70. Qe7 Kb8 71. Qd7 Ka8 72. Ke6 1-0

[Event "*** Titled Tuesday Blitz"]
[Site "Chess.com"]
[Date "2020.01.07"]
[Round "5"]
[White "Chesscoach_Golichenko"]
[Black "Martins-BR"]
[Result "1-0"]
[WhiteElo "2551"]
[BlackElo "2330"]
[TimeControl "180+2"]
[EndTime "14:11:38 PST"]
[Termination "Chesscoach_Golichenko won by resignation"]

1. d4 f5 2. g3 Nf6 3. Bg2 g6 4. Nf3 Bg7 5. O-O O-O 6. c4 d6 7. b4 e5 8. dxe5 dxe5 9. Bb2 e4 10. Nfd2 Be6 11. Qc2 c6 12. f3 exf3 13. exf3 Re8 14. Kh1 Nbd7 15. Nc3 Qe7 16. c5 Nd5 17.
Nxd5 Bxd5 18. Bxg7 Qxg7 19. Nc4 Ne5 20. Nd6 Re7 21.
Rae1 a5 22. b5 Rf8 23. bxc6 bxc6 24. f4 Ng4 25. Bxd5+ cxd5 26. Qb3 Kh8 27. Rxe7 Qxe7 28. Qxd5 Qe2 29. Qd4+ Kg8 30. Qc4+ Qxc4 31. Nxc4 Rc8 32. Nxa5 Rxc5 33. Nb3 Rc2 34. h3 Rh2+ 35. Kg1 Rxh3 36.
Rf3 Rh2 37. a4 Ra2 38. a5 Kf7 39. Rc3 Ke8 40. Rc7 Ra3 41. Rb7 Nf6 42. Kf1 Ne4 43. Kg2 Ra2+ 44. Kg1 Nxg3 45. Rxh7 Ne2+ 46. Kf1 Nxf4 47. Ra7 g5 48. Nd4 g4 49. Nxf5 Nd3 50.
Kg1 Kd8 51. Nd6 Nf4 52. Ne4 Ra4 53. Nc5 Ra2 54. Rg7 Ke8 55. Rxg4 Nh3+ 56. Kf1 Rxa5 57.
Ne4 Rf5+ 58. Kg2 Nf4+ 59. Kh2 Rf8 60. Ng5 Ke7 61. Kg3 Nd5 62. Nf3 Nf6 1-0

[Event "*** Titled Tuesday Blitz"]
[Site "Chess.com"]
[Date "2020.01.07"]
[Round "5"]
[White "Terao90"]
[Black "cstevens1"]
[Result "1-0"]
[WhiteElo "2442"]
[BlackElo "2640"]
[TimeControl "180+2"]
[EndTime "14:11:39 PST"]
[Termination "Terao90 won by resignation"]

1. d4 Nf6 2. Bg5 Ne4 3. Bf4 d5 4. e3 Bf5 5. Bd3 e6 6. Nf3 Bd6 7. Bxd6 Nxd6 8. O-O Nd7 9. b3 O-O 10. c4 c6 11. Nc3 Bxd3 12. Qxd3 f5 13. Nd2 Qh4 14.
f4 g5 15. Nf3 Qh6 16. Nxg5 Nf7 17. cxd5 cxd5 18. Nf3 a6 19. Rac1 Nd6 20. Ne5 Nf6 21. Rf3 Kh8 22. Rh3 Qg7 23. Rg3 Qe7 24. Rh3 Rg8 25.
Rf1 Rg7 26. Kh1 Rag8 27. Rf2 Nde4 28. Rc2 Nxc3 29. Qxc3 Ne4 30. Qe1 Qf6 31. Qh4 Qxh4 32. Rxh4 Nf6 33. Rh6 Rf8 34. Kg1 Kg8 35. Kf1 Re7 36. h3 Kg7 37. Rh4 h5 38. g4 hxg4 39. hxg4 fxg4 40. Nxg4 Ne4 41. Ne5 Rg8 42. Rg2+ Kf8 43.
Ng6+ Rxg6 44. Rxg6 Rc7 45. Rxe6 Rc1+ 46. Kg2 Kf7 47. Rb6 Rc2+ 48. Kf3 Rxa2 49. Rh7+ Kg8 50. Rc7 Rh2 51. Rbxb7 Rh3+ 52. Kg4 Rg3+ 53. Kf5 Nd6+ 54. Ke5 Nxb7 55. Rxb7 Rxe3+ 56. Kxd5 Kf8 57. f5 Ke8 58. f6 Kf8 59. f7 a5 60. Kc5 Rc3+ 61. Kd6 Re3 62. d5 Kg7 63. Kc6 Rc3+ 64. Kd6 Rd3 65. Ke5 Re3+ 66. Kd4 Re1 67. d6 Rd1+ 68. Ke5 Kf8 69.
d7 Ke7 70. d8=Q+ 1-0

[Event "*** Titled Tuesday Blitz"]
[Site "Chess.com"]
[Date "2020.01.07"]
[Round "5"]
[White "wannabe2700"]
[Black "Ginzburg_Yakov"]
[Result "0-1"]
[WhiteElo "2756"]
[BlackElo "2579"]
[TimeControl "180+2"]
[EndTime "14:11:48 PST"]
[Termination "Ginzburg_Yakov won by checkmate"]

1. b3 e6 2. Bb2 Nf6 3. e3 Be7 4. f4 O-O 5. Nf3 c5 6. Be2 Nc6 7. O-O b6 8. Qe1 Bb7 9. Qg3 d6 10. d3 Nb4 11. Bd1 Nbd5 12. Re1 Nh5 13. Qh3 Bf6 14.
c3 Nhxf4 15. exf4 Nxf4 16. Qg3 Nxd3 17. Re2 e5 18. Ne1 Nxb2 19. Rxb2 e4 20. Re2 Be5 21. Qh3 f5 22. Nd2 d5 23. Rc1 Qf6 24. Nf1 Rae8 25. Ne3 Qg5 26. Rcc2 d4 27. cxd4 cxd4 28.
Nc4 d3 29. Nxd3 exd3 30. Qxd3 Be4 31. Nxe5 Bxd3 32. Nxd3 Qd8 33. Nf2 Rxe2 34. Bxe2 Re8 35. g3 g6 36. Bf3 Re7 37. Kg2 Kg7 38. Kg1 Qd4 39. Kg2 h5 40. h4 a5 41. Nh3 a4 42. Nf4 a3 43. Bd5 Kh6 44. Rc6 Rg7 45. Rc2 Qb2 46. Rf2 Rc7 47. Nd3 Qb1 48. Nb4 Qe1 49. Nd3 Qd1 50. Nf4 Rc1 51. Kh3 Rc2 52.
Rxc2 Qxc2 53. b4 Qb1 54. Kh2 Qxb4 55. Kg2 Qd2+ 56. Kh3 b5 57. Bb3 b4 58. Be6 Qe1 59. Kh2 Qf2+ 60. Kh3 Qg1 61. Bd5 b3 62. axb3 a2 63. Bg2 a1=Q 64. g4 hxg4+ 65. Kg3 Qae1# 0-1

[Event "*** Titled Tuesday Blitz"]
[Site "Chess.com"]
[Date "2020.01.07"]
[Round "5"]
[White "ValeriyGrinev"]
[Black "moro182"]
[Result "1/2-1/2"]
[WhiteElo "2555"]
[BlackElo "2752"]
[TimeControl "180+2"]
[EndTime "14:11:49 PST"]
[Termination "Game drawn - insufficient material"]

1. d4 d5 2. c4 e6 3. Nf3 Nf6 4. Nc3 c6 5. e3 Nbd7 6. Qc2 Bd6 7. Bd3 O-O 8. O-O dxc4 9. Bxc4 a6 10. Bd3 e5 11. b3 Qc7 12. h3 exd4 13. Nxd4 Ne5 14. Be2 Ng6 15. Bb2 Re8 16. Nf5 Bh2+ 17. Kh1 Be5 18. Rad1 Bd7 19. Bd3 Rad8 20. f4 Bxc3 21. Qxc3 Bxf5 22. Bxf5 Ne7 23. Be4 Rxd1 24. Rxd1 Rd8 25.
Rxd8+ Qxd8 26. Bf3 Ned5 27. Qd2 Qe7 28. Bd4 Ne4 29.
Qc2 Ng3+ 30. Kg1 Nxe3 31. Qc5 Qxc5 32. Bxc5 Nef5 33. Kf2 f6 34. a4 Kf7 35. b4 Ke6 36. b5 axb5 37. axb5 Kd7 38. bxc6+ bxc6 39. Bf8 g6 40. Bc5 h5 41. Ba3 h4 42. Bb2 Nd6 43. Bg4+ f5 44. Bf3 Nge4+ 45. Ke1 c5 46. Kd1 Ke6 47.
Kc2 Kd5 48. Bf6 Nb5 49. Kd3 Nd4 50. Bxh4 Nxf3 51. gxf3 c4+ 52. Ke3 Nc5 53. Bf6 Ne6 54. Be5 Kc5 55. Kd2 Kb4 56. Kc2 Kc5 57. Kc3 Kd5 58. Bb8 Nd4 59. Kd2 Nxf3+ 60. Ke3 Nd4 61. Bc7 Ne6 62. Ba5 Kc5 63. Bc3 Kb5 64. Kf3 Ka4 65. Ke3 Kb3 66. Be5 c3 67. Kd3 Nc5+ 68. Ke2 Kc2 69. h4 Ne4 70. Ke3 Kb1 71. Bxc3 Nxc3 72.
Kd4 Ne2+ 73. Ke5 Kc2 74. h5 gxh5 75. Kxf5 Kd3 76. Kg5 Ng3 77. Kh4 Ke4 78. Kxg3 Kf5 79. Kh4 Kxf4 80. Kxh5 1/2-1/2

[Event "*** Titled Tuesday Blitz"]
[Site "Chess.com"]
[Date "2020.01.07"]
[Round "5"]
[White "Teidi96"]
[Black "DrRiebert"]
[Result "1/2-1/2"]
[WhiteElo "2175"]
[BlackElo "2370"]
[TimeControl "180+2"]
[EndTime "14:11:53 PST"]
[Termination "Game drawn by agreement"]

1. e4 c5 2. Nf3 Nc6 3. d4 cxd4 4. Nxd4 g6 5. c4 Nf6 6. Nc3 d6 7. Be2 Nxd4 8. Qxd4 Bg7 9. O-O O-O 10. Qd3 a5 11. h3 a4 12. Be3 Be6 13. Rab1 Nd7 14. b3 axb3 15. axb3 Ne5 16. Qd2 Nc6 17. Nd5 Bxd5 18. cxd5 Ne5 19. Rfc1 Nd7 20. Qb4 b6 21. Rc6 Rb8 22.
Rbc1 Nc5 23. Bb5 f5 24. f3 fxe4 25. fxe4 Be5 26. Qc4 Bg3 27. b4 Nd7 28. Rc7 Ne5 29. Qd4 Rf7 30. Ra7 Qf8 31. Rcc7 Ra8 32. Qd2 Rxa7 33.
Rxa7 Qc8 34. Bxb6 Nc4 35. Bxc4 Qxc4 36. Ra8+ Rf8 37. Rxf8+ Kxf8 38. Ba5 Qxe4 39. Qd1 Qe3+ 40. Kh1 Ke8 41. Qf1 Be5 42. Qb5+ Kf7 43. Qf1+ Kg7 44. Qg1 Qb3 45. Qf1 Qxd5 46. Qe2 Qb3 47. Qe1 Qd3 48.
Bd8 Kf7 49. Bb6 e6 50. Qc1 Qg3 51. Qc7+ Kg8 52. Qd8+ Kg7 53. Qe7+ Kh6 54. Qf8+ Kg5 55. Bd8+ Kh5 56. Qf3+ Qxf3 57. gxf3 Bd4 58. b5 g5 59.
b6 Kg6 60. b7 Ba7 61. Bc7 d5 62. b8=Q Bxb8 63. Bxb8 Kf5 64. Kg2 e5 65. Kg3 h5 66.
Ba7 e4 67. fxe4+ dxe4 68. Bd4 h4+ 69. Kg2 g4 70. hxg4+ Kxg4 71. Kh2 h3 72. Kh1 Kg3 73.
Bc5 Kf3 74. Bd4 Ke2 75. Kh2 Kd3 76. Bb6 Kc4 77. Kxh3 Kb5 78. Bg1 1/2-1/2